TOP OF THE 1ST |
Binghamton Mets batting - Pitching for South Bend Cubs : RHP Arnaldo Cardamenho
|
Pitching: RHP Arnaldo Cardamenho
|
|
Batting: RHB Ben Herman
|
0-0: Fly out, F8 (Flyball, 8LD, EV 105.6 MPH)
|
Batting: LHB Bayesa Mundhir
|
0-0: Called Strike 0-1: Ball 1-1: Called Strike 1-2: Strikes out swinging
|
Batting: RHB Bobby Mabrey
|
0-0: Foul Ball, location: 2F 0-1: Ball 1-1: Called Strike 1-2: Foul Ball, location: 2F 1-2: Strikes out swinging
|
Top of the 1st over - 0 runs, 0 hits, 0 errors, 0 left on base; Binghamton 0 - South Bend 0 |
BOTTOM OF THE 1ST |
South Bend Cubs batting - Pitching for Binghamton Mets : RHP Jean-Pierre Carpentier
|
Pitching: RHP Jean-Pierre Carpentier
|
|
Batting: RHB Brian Gargis
|
0-0: Called Strike 0-1: Ball 1-1: Bunt missed! 1-2: Ball 2-2: Ball 3-2: Base on Balls
|
Batting: RHB Mike Savage
|
0-0: Called Strike 0-1: Ball Brian Gargis steals 2nd base 1-1: Ball 2-1: Ground out 6-3 (Groundball, 6, EV 90.0 MPH) Brian Gargis to third
|
Batting: RHB Ryan Walker
|
0-0: Ball 1-0: Ball 2-0: Swinging Strike 2-1: Swinging Strike 2-2: Foul Ball, location: 2F 2-2: 2-RUN HOME RUN (Flyball, 7D, EV 103.1 MPH), Distance : 388 ft
|
Batting: RHB Jonathan Sotelo
|
0-0: Ground out 5-3 (Groundball, 56S, EV 82.5 MPH)
|
Batting: LHB Kwang-chih Men
|
0-0: Foul Ball, location: 2F 0-1: Ground out 5-3 (Groundball, 6, EV 86.2 MPH)
|
Bottom of the 1st over - 2 runs, 1 hit, 0 errors, 0 left on base; Binghamton 0 - South Bend 2 |
TOP OF THE 2ND |
Binghamton Mets batting - Pitching for South Bend Cubs : RHP Arnaldo Cardamenho
|
Batting: SHB Tadaaki Kondo
|
0-0: Called Strike 0-1: Foul Ball, location: 2F 0-2: Ball 1-2: Ball 2-2: Foul Ball, location: 2F 2-2: Ball 3-2: Base on Balls
|
Batting: RHB Gang-sheng Chew
|
0-0: Ball 1-0: Swinging Strike 1-1: Foul Ball, location: 2F 1-2: Strikes out swinging
|
Batting: LHB Javy Cavazos
|
0-0: Swinging Strike 0-1: Ball 1-1: Ball 2-1: Foul Ball, location: 2F 2-2: Fly out, F5 (Popup, 5S, EV 86.9 MPH)
|
Pitching: RHP Jose Marrero
|
|
Batting: LHB Mike Condon
|
0-0: Ball 1-0: Foul Ball, location: 2F 1-1: Foul Ball, location: 2F 1-2: Ground out U3 (Groundball, 34, EV 81.2 MPH)
|
Top of the 2nd over - 0 runs, 0 hits, 0 errors, 1 left on base; Binghamton 0 - South Bend 2 |
BOTTOM OF THE 2ND |
South Bend Cubs batting - Pitching for Binghamton Mets : RHP Jean-Pierre Carpentier
|
Batting: LHB Mark Ingram
|
0-0: Called Strike 0-1: Fly out, F7 (Flyball, 78S, EV 85.0 MPH)
|
Batting: RHB Khalil Stephens
|
0-0: Ball 1-0: Called Strike 1-1: Called Strike 1-2: Strikes out swinging
|
Batting: LHB Mark Huey
|
0-0: Called Strike 0-1: Ball 1-1: Ball 2-1: Foul Ball, location: 2F 2-2: Ball 3-2: Ground out 4-3 (Groundball, 4, EV 80.0 MPH)
|
Bottom of the 2nd over - 0 runs, 0 hits, 0 errors, 0 left on base; Binghamton 0 - South Bend 2 |
TOP OF THE 3RD |
Binghamton Mets batting - Pitching for South Bend Cubs : RHP Jose Marrero
|
Batting: RHB Dave Conde
|
0-0: Ground out 4-3 (Groundball, 4D, EV 80.0 MPH)
|
Batting: RHB Tetsuhiro Taki
|
0-0: Called Strike 0-1: Fly out, F3 (Popup, 3SF, EV 81.9 MPH)
|
Batting: RHB Ben Herman
|
0-0: Swinging Strike 0-1: Ball 1-1: Swinging Strike 1-2: Ball 2-2: Ground out 4-3 (Groundball, 4MS, EV 67.5 MPH)
|
Top of the 3rd over - 0 runs, 0 hits, 0 errors, 0 left on base; Binghamton 0 - South Bend 2 |
BOTTOM OF THE 3RD |
South Bend Cubs batting - Pitching for Binghamton Mets : RHP Jean-Pierre Carpentier
|
Batting: SHB Benoît Morin
|
0-0: Swinging Strike 0-1: Reached on error, E5 (Groundball, 5D, EV 97.5 MPH)
|
Batting: RHB Brian Gargis
|
0-0: Ball Benoît Morin is caught stealing 2nd base 2-4 1-0: SINGLE (Line Drive, 4D, EV 103.1 MPH)
|
Batting: RHB Mike Savage
|
0-0: Ball Brian Gargis steals 2nd base 1-0: Fly out, F7 (Flyball, 78XD, EV 102.5 MPH) Runner from 2nd tags up, SAFE at 3rd, no throw by LF
|
Batting: RHB Ryan Walker
|
0-0: Ball 1-0: Ground out 5-3 (Groundball, 56, EV 81.9 MPH)
|
Bottom of the 3rd over - 0 runs, 1 hit, 1 error, 1 left on base; Binghamton 0 - South Bend 2 |
TOP OF THE 4TH |
Binghamton Mets batting - Pitching for South Bend Cubs : RHP Jose Marrero
|
Batting: LHB Bayesa Mundhir
|
0-0: Called Strike 0-1: Ball 1-1: Ball 2-1: Swinging Strike 2-2: Ball 3-2: Base on Balls
|
Pitching: LHP Colin Scott
|
|
Batting: RHB Bobby Mabrey
|
0-0: Foul Ball, location: 2F 0-1: Ball 1-1: Fielders Choice at 2nd, 3-6 (Groundball, 3, EV 94.4 MPH)
|
Batting: SHB Tadaaki Kondo
|
0-0: Ball 1-0: Ball 2-0: Fly out, F9 (Flyball, 9LS, EV 91.9 MPH)
|
Batting: RHB Gang-sheng Chew
|
0-0: Ball 1-0: Called Strike 1-1: Ball 2-1: Ball 3-1: Swinging Strike 3-2: Base on Balls Bobby Mabrey to second
|
Batting: LHB Javy Cavazos
|
0-0: Ball 1-0: Called Strike 1-1: Swinging Strike 1-2: Strikes out looking
|
Top of the 4th over - 0 runs, 0 hits, 0 errors, 2 left on base; Binghamton 0 - South Bend 2 |
BOTTOM OF THE 4TH |
South Bend Cubs batting - Pitching for Binghamton Mets : RHP Jean-Pierre Carpentier
|
Batting: RHB Jonathan Sotelo
|
0-0: Ball 1-0: Foul Ball, location: 2F 1-1: Swinging Strike 1-2: Strikes out looking
|
Batting: LHB Kwang-chih Men
|
0-0: Ball 1-0: Foul Ball, location: 2F 1-1: Ball 2-1: Ball 3-1: SOLO HOME RUN (Flyball, 89XD, EV 105.0 MPH), Distance : 422 ft
|
Batting: LHB Mark Ingram
|
0-0: Ball 1-0: Foul Ball, location: 2F 1-1: Ball 2-1: Swinging Strike 2-2: Strikes out swinging
|
Batting: RHB Khalil Stephens
|
0-0: Swinging Strike 0-1: Ball 1-1: Ball 2-1: Ground out 6-3 (Groundball, 6, EV 106.9 MPH)
|
Bottom of the 4th over - 1 run, 1 hit, 0 errors, 0 left on base; Binghamton 0 - South Bend 3 |
TOP OF THE 5TH |
Binghamton Mets batting - Pitching for South Bend Cubs : LHP Colin Scott
|
Batting: LHB Mike Condon
|
0-0: Swinging Strike 0-1: Ball 1-1: Called Strike 1-2: Strikes out swinging
|
Pitching: RHP Miles Edwards
|
|
Batting: RHB Dave Conde
|
0-0: Ball 1-0: Ground out 4-3 (Groundball, 4, EV 92.5 MPH)
|
Batting: RHB Tetsuhiro Taki
|
0-0: Called Strike 0-1: Ball 1-1: Ground out 6-3 (Groundball, 6, EV 81.2 MPH)
|
Top of the 5th over - 0 runs, 0 hits, 0 errors, 0 left on base; Binghamton 0 - South Bend 3 |
BOTTOM OF THE 5TH |
South Bend Cubs batting - Pitching for Binghamton Mets : RHP Jean-Pierre Carpentier
|
Batting: LHB Mark Huey
|
0-0: Fly out, F5 (Line Drive, 6, EV 70.6 MPH)
|
Batting: SHB Benoît Morin
|
0-0: Ball 1-0: Foul Ball, location: 2F 1-1: Foul Ball, location: 2F 1-2: Reached on error, E6 (Groundball, 56, EV 105.0 MPH)
|
Batting: RHB Brian Gargis
|
0-0: Ball Benoît Morin is caught stealing 2nd base 2-4 1-0: Swinging Strike 1-1: Ball 2-1: Foul Ball, location: 2F 2-2: Foul Ball, location: 2F 2-2: SINGLE (Groundball, 56S, EV 68.1 MPH) (infield hit)
|
Batting: RHB Mike Savage
|
0-0: Ball 1-0: Foul Ball, location: 2F 1-1: Called Strike 1-2: Fly out, F7 (Line Drive, 7, EV 89.4 MPH)
|
Bottom of the 5th over - 0 runs, 1 hit, 1 error, 1 left on base; Binghamton 0 - South Bend 3 |
TOP OF THE 6TH |
Binghamton Mets batting - Pitching for South Bend Cubs : RHP Miles Edwards
|
Batting: RHB Ben Herman
|
0-0: Called Strike 0-1: Ball 1-1: Called Strike 1-2: Ball 2-2: Ball 3-2: Foul Ball, location: 2F 3-2: Foul Ball, location: 2F 3-2: DOUBLE (Groundball, 5L, EV 105.6 MPH)
|
Batting: LHB Bayesa Mundhir
|
0-0: Called Strike 0-1: Foul Ball, location: 2F 0-2: Strikes out swinging
|
Batting: RHB Bobby Mabrey
|
0-0: Swinging Strike 0-1: Ball 1-1: Ball 2-1: DOUBLE (Groundball, 3L, EV 104.4 MPH) Ben Herman scores
|
Pitching: RHP Gavrel Godziashvili
|
|
Batting: SHB Tadaaki Kondo
|
0-0: Called Strike 0-1: Foul Ball, location: 2F 0-2: Ball 1-2: Reached on error, E4 (Groundball, 4, EV 76.9 MPH) Bobby Mabrey scores
|
Batting: RHB Gang-sheng Chew
|
0-0: Called Strike 0-1: Called Strike 0-2: Ball 1-2: Ball 2-2: Foul Ball, location: 2F 2-2: Ball 3-2: Foul Ball, location: 2F 3-2: Ground out 4-3 (Groundball, 4, EV 109.4 MPH) Tadaaki Kondo to third
|
Batting: LHB Javy Cavazos
|
0-0: Ball 1-0: Swinging Strike 1-1: Ball 2-1: Foul Ball, location: 2F 2-2: Strikes out swinging
|
Top of the 6th over - 2 runs, 2 hits, 1 error, 1 left on base; Binghamton 2 - South Bend 3 |
BOTTOM OF THE 6TH |
South Bend Cubs batting - Pitching for Binghamton Mets : RHP Jean-Pierre Carpentier
|
Batting: RHB Ryan Walker
|
0-0: Called Strike 0-1: Ground out 6-3 (Groundball, 6S, EV 93.1 MPH)
|
Batting: RHB Jonathan Sotelo
|
0-0: Called Strike 0-1: Ball 1-1: Ball 2-1: Reached on error, E5 (Groundball, 56, EV 83.8 MPH)
|
Batting: LHB Kwang-chih Men
|
0-0: Ball 1-0: Foul Ball, location: 2F 1-1: Ball 2-1: Ball 3-1: SINGLE (Flyball, 89S, EV 96.9 MPH) Jonathan Sotelo to third
|
Batting: LHB Mark Ingram
|
0-0: Called Strike 0-1: Swinging Strike 0-2: Strikes out swinging
|
Batting: RHB Khalil Stephens
|
0-0: Ball 1-0: Called Strike 1-1: Fielders Choice at 2nd, 6-4 (Groundball, 6, EV 84.4 MPH)
|
Bottom of the 6th over - 0 runs, 1 hit, 1 error, 2 left on base; Binghamton 2 - South Bend 3 |
TOP OF THE 7TH |
Binghamton Mets batting - Pitching for South Bend Cubs : RHP Gavrel Godziashvili
|
Pitching: RHP Jose Ramirez
|
|
Batting: LHB Mike Condon
|
0-0: Foul Ball, location: 2F 0-1: Foul Ball, location: 2F 0-2: Ball 1-2: Strikes out swinging
|
Batting: RHB Dave Conde
|
0-0: SINGLE (Groundball, 5D, EV 103.8 MPH)
|
Batting: RHB Tetsuhiro Taki
|
0-0: Ball 1-0: Swinging Strike 1-1: Foul Ball, location: 2F 1-2: Strikes out swinging Dave Conde steals 2nd base Batter strikes out.
|
Pinch Hitting: LHB Adam Barry
|
0-0: Swinging Strike 0-1: Called Strike 0-2: Ball 1-2: Foul Ball, location: 2F 1-2: Strikes out swinging
|
Top of the 7th over - 0 runs, 1 hit, 0 errors, 1 left on base; Binghamton 2 - South Bend 3 |
BOTTOM OF THE 7TH |
South Bend Cubs batting - Pitching for Binghamton Mets : RHP Jean-Pierre Carpentier
|
Now in CF: Mike Pesek
|
|
Batting: LHB Mark Huey
|
0-0: Ball 1-0: Ball 2-0: SINGLE (Groundball, 4MD, EV 100.6 MPH)
|
Batting: SHB Benoît Morin
|
0-0: Called Strike 0-1: Ball 1-1: Ball Mark Huey steals 2nd base 2-1: Ball 3-1: Swinging Strike 3-2: SINGLE (Flyball, 6MD, EV 90.0 MPH) Mark Huey to third
|
Batting: RHB Brian Gargis
|
0-0: Ball Benoît Morin steals 2nd base 1-0: Called Strike 1-1: 3-RUN HOME RUN (Flyball, 78XD, EV 103.8 MPH), Distance : 413 ft
|
Pitching: LHP Mike Capers
|
|
Batting: RHB Mike Savage
|
0-0: Swinging Strike 0-1: Ball 1-1: Foul Ball, location: 2F 1-2: Foul Ball, location: 2F 1-2: SINGLE (Line Drive, 78S, EV 103.8 MPH)
|
Batting: RHB Ryan Walker
|
0-0: Swinging Strike 0-1: Called Strike 0-2: Ball 1-2: Ball 2-2: Foul Ball, location: 2F 2-2: Fly out, F8 (Flyball, 89D, EV 98.1 MPH)
|
Batting: RHB Jonathan Sotelo
|
0-0: Ball 1-0: Called Strike 1-1: Fielders Choice at 2nd, 6-4 (Groundball, 6, EV 85.0 MPH)
|
Batting: LHB Kwang-chih Men
|
0-0: Called Strike 0-1: Ball 1-1: TRIPLE (Line Drive, 78XD, EV 110.6 MPH) Jonathan Sotelo scores
|
Batting: LHB Mark Ingram
|
0-0: Ball 1-0: Ball Passed Ball! Kwang-chih Men scores 2-0: Ball 3-0: Called Strike 3-1: DOUBLE (Line Drive, 5D, EV 104.4 MPH)
|
Batting: RHB Khalil Stephens
|
0-0: Swinging Strike 0-1: Foul Ball, location: 2F 0-2: Ball 1-2: Ball 2-2: SINGLE (Line Drive, 34, EV 94.4 MPH) Mark Ingram to third
|
Batting: LHB Mark Huey
|
0-0: Ball 1-0: Ground out 4-3 (Groundball, 34D, EV 105.6 MPH)
|
Bottom of the 7th over - 5 runs, 7 hits, 0 errors, 2 left on base; Binghamton 2 - South Bend 8 |
TOP OF THE 8TH |
Binghamton Mets batting - Pitching for South Bend Cubs : RHP Jose Ramirez
|
Batting: LHB Bayesa Mundhir
|
0-0: DOUBLE (Line Drive, 78D, EV 100.0 MPH)
|
Batting: RHB Bobby Mabrey
|
0-0: Called Strike 0-1: Ball 1-1: Fly out, F6 (Popup, P, EV 73.1 MPH)
|
Pitching: RHP Josh Deyo
|
|
Batting: SHB Tadaaki Kondo
|
0-0: Ball 1-0: Ball 2-0: Ground out 4-3 (Groundball, 4, EV 85.6 MPH) Bayesa Mundhir to third
|
Batting: RHB Gang-sheng Chew
|
0-0: Called Strike 0-1: Foul Ball, location: 2F 0-2: Foul Ball, location: 2F 0-2: Ball 1-2: 2-RUN HOME RUN (Flyball, 78XD, EV 105.6 MPH), Distance : 427 ft
|
Batting: LHB Javy Cavazos
|
0-0: Called Strike 0-1: Foul Ball, location: 2F 0-2: Foul Ball, location: 2F 0-2: Ball 1-2: Ground out 4-3 (Groundball, 4, EV 103.8 MPH)
|
Top of the 8th over - 2 runs, 2 hits, 0 errors, 0 left on base; Binghamton 4 - South Bend 8 |
BOTTOM OF THE 8TH |
South Bend Cubs batting - Pitching for Binghamton Mets : LHP Mike Capers
|
Pitching: LHP Jonathan O'Donnell
|
|
Batting: SHB Benoît Morin
|
0-0: Ball 1-0: Ball 2-0: Foul Ball, location: 2F 2-1: Swinging Strike 2-2: Ball 3-2: Ground out 5-3 (Groundball, 56S, EV 64.4 MPH)
|
Batting: RHB Brian Gargis
|
0-0: Fly out, F2 (Popup, 13S, EV 90.6 MPH)
|
Batting: RHB Mike Savage
|
0-0: Ball 1-0: Fly out, F9 (Flyball, 9S, EV 72.5 MPH)
|
Bottom of the 8th over - 0 runs, 0 hits, 0 errors, 0 left on base; Binghamton 4 - South Bend 8 |
TOP OF THE 9TH |
Binghamton Mets batting - Pitching for South Bend Cubs : RHP Josh Deyo
|
Batting: LHB Mike Condon
|
0-0: Ball 1-0: TRIPLE (Flyball, 78XD, EV 107.5 MPH)
|
Batting: RHB Dave Conde
|
0-0: Called Strike 0-1: Ball 1-1: Ball 2-1: Ball 3-1: Base on Balls
|
Pinch Hitting: SHB Julio Ramos
|
0-0: Ball 1-0: Foul Ball, location: 2F 1-1: Foul Ball, location: 2F 1-2: Ball Wild Pitch! Mike Condon scores Dave Conde to second 2-2: SINGLE (Groundball, 34D, EV 98.1 MPH) Dave Conde to third
|
Batting: LHB Mike Pesek
|
0-0: Called Strike 0-1: Foul Ball, location: 2F 0-2: Foul Ball, location: 2F 0-2: Hit by Pitch Julio Ramos to second
|
Batting: LHB Bayesa Mundhir
|
0-0: Ball 1-0: Swinging Strike 1-1: Ball 2-1: Ball 3-1: Base on Balls Dave Conde scores Julio Ramos to third Mike Pesek to second
|
Batting: RHB Bobby Mabrey
|
0-0: SINGLE (Groundball, 56D, EV 102.5 MPH) Julio Ramos scores Mike Pesek to third Bayesa Mundhir to second
|
Batting: SHB Tadaaki Kondo
|
0-0: Swinging Strike 0-1: Foul Ball, location: 2F 0-2: Foul Ball, location: 2F 0-2: Ball 1-2: Ball 2-2: Grounds into fielders choice 4-2 (Groundball, 34, EV 81.2 MPH) Bayesa Mundhir to third Bobby Mabrey to second
|
Batting: RHB Gang-sheng Chew
|
0-0: Called Strike 0-1: Ball Wild Pitch! Bayesa Mundhir scores Bobby Mabrey to third Tadaaki Kondo to second 1-1: Ball 2-1: Foul Ball, location: 2F 2-2: Ball 3-2: Base on Balls
|
Batting: LHB Javy Cavazos
|
0-0: Called Strike 0-1: Grounds into fielders choice 1-2 (Groundball, 13, EV 71.9 MPH) Tadaaki Kondo to third Gang-sheng Chew to second
|
Batting: LHB Mike Condon
|
0-0: Swinging Strike 0-1: Foul Ball, location: 2F 0-2: Fly out, F6 (Popup, 6, EV 68.1 MPH)
|
Top of the 9th over - 4 runs, 3 hits, 0 errors, 3 left on base; Binghamton 8 - South Bend 8 |
BOTTOM OF THE 9TH |
South Bend Cubs batting - Pitching for Binghamton Mets : LHP Jonathan O'Donnell
|
Now at 2B: Julio Ramos
|
|
Now at SS: Gang-sheng Chew
|
|
Batting: RHB Ryan Walker
|
0-0: Ball 1-0: Called Strike 1-1: Ball 2-1: Fly out, F7 (Flyball, 78S, EV 88.8 MPH)
|
Batting: RHB Jonathan Sotelo
|
0-0: Ball 1-0: Called Strike 1-1: Called Strike 1-2: Ball 2-2: Ball 3-2: SINGLE (Flyball, 7S, EV 90.0 MPH)
|
Batting: LHB Kwang-chih Men
|
0-0: Ball Wild Pitch! Jonathan Sotelo to second 1-0: Intentional Walk
|
Pinch Runner at 2nd David Barnard:
|
|
Pinch Hitting: RHB Puluke Konane
|
0-0: Ball 1-0: Swinging Strike 1-1: Foul Ball, location: 2F 1-2: Foul Ball, location: 2F 1-2: Ball 2-2: Foul Ball, location: 2F 2-2: Strikes out swinging
|
Batting: RHB Khalil Stephens
|
0-0: Ball 1-0: Called Strike 1-1: Called Strike 1-2: Strikes out swinging
|
Bottom of the 9th over - 0 runs, 1 hit, 0 errors, 2 left on base; Binghamton 8 - South Bend 8 |
TOP OF THE 10TH |
Binghamton Mets batting - Pitching for South Bend Cubs : RHP Josh Deyo
|
Now at C: Gabriel Cruz
|
|
Batting: RHB Dave Conde
|
0-0: Called Strike 0-1: Called Strike 0-2: Foul Ball, location: 2F 0-2: Ball 1-2: Strikes out swinging
|
Batting: SHB Julio Ramos
|
0-0: Ball 1-0: SINGLE (Line Drive, 89S, EV 103.1 MPH)
|
Batting: LHB Mike Pesek
|
0-0: DOUBLE (Line Drive, 9LS, EV 91.2 MPH) Julio Ramos to third
|
Batting: LHB Bayesa Mundhir
|
0-0: Foul Ball, location: 2F 0-1: Ground out 5-3 (Groundball, 5, EV 91.2 MPH)
|
Pitching: LHP Shuan-yan Wu
|
|
Batting: RHB Bobby Mabrey
|
0-0: Ball 1-0: Foul Ball, location: 2F 1-1: Ball 2-1: Ball 3-1: SINGLE (Groundball, 6MD, EV 106.2 MPH) Julio Ramos scores Mike Pesek to third Runner from 3rd tries for Home, SAFE, throw by CF to home
|
Batting: SHB Tadaaki Kondo
|
0-0: Ball 1-0: Ball 2-0: 2-RUN HOME RUN (Line Drive, 7D, EV 104.4 MPH), Distance : 414 ft
|
Batting: RHB Gang-sheng Chew
|
0-0: Called Strike 0-1: Ball 1-1: Fly out, F7 (Flyball, 7S, EV 90.6 MPH)
|
Top of the 10th over - 4 runs, 4 hits, 0 errors, 0 left on base; Binghamton 12 - South Bend 8 |
BOTTOM OF THE 10TH |
South Bend Cubs batting - Pitching for Binghamton Mets : LHP Jonathan O'Donnell
|
Pitching: RHP Alex Sandidge
|
|
Batting: LHB Mark Huey
|
0-0: Called Strike 0-1: Foul Ball, location: 2F 0-2: Ball 1-2: Foul Ball, location: 2F 1-2: Ball 2-2: Reached on error, E4 (Groundball, 34D, EV 91.2 MPH)
|
Batting: SHB Benoît Morin
|
0-0: Ball 1-0: Called Strike 1-1: Fielders Choice at 2nd, 6-4 (Groundball, 6, EV 77.5 MPH)
|
Batting: RHB Brian Gargis
|
0-0: Foul Ball, location: 2F 0-1: Called Strike 0-2: Ball 1-2: Ball 2-2: Ball 3-2: SINGLE (Groundball, 6MS, EV 71.2 MPH) (infield hit) Benoît Morin to second
|
Batting: RHB Mike Savage
|
0-0: Ball 1-0: Foul Ball, location: 2F 1-1: Ball 2-1: Ball 3-1: SINGLE (Groundball, 25, EV 65.0 MPH) (infield hit) Benoît Morin to third Brian Gargis to second
|
Batting: RHB Ryan Walker
|
0-0: Called Strike 0-1: Fly out, F8 (Line Drive, 8RM, EV 111.9 MPH) Runner from 3rd tags up, SCORES, no throw by CF
|
Batting: RHB David Barnard
|
0-0: Ball 1-0: Ball 2-0: Ball 3-0: Called Strike 3-1: Base on Balls Brian Gargis to third Mike Savage to second
|
Pitching: RHP Jarred Sharp
|
|
Batting: LHB Kwang-chih Men
|
0-0: Ball 1-0: Ground out 4-3 (Groundball, 34, EV 110.0 MPH)
|
Bottom of the 10th over - 1 run, 2 hits, 1 error, 3 left on base; Binghamton 12 - South Bend 9 |
|